 Dungeon Crawl Stone Soup version 0.17.1-3-g152610e (webtiles) character file.

1261 GFox the Ducker (level 8, 0/79 HPs)
             Began as a Troll Chaos Knight on Mar 21, 2016.
             Slain by a slave (2 damage)
             ... led by Pikel
             ... on level 6 of the Dungeon.
             The game lasted 00:48:49 (3751 turns).

GFox the Ducker (Troll Chaos Knight)                Turns: 3751, Time: 00:48:49

Health: 0/79       AC:  7    Str: 21      XL:     8   Next: 27%
Magic:  8/8        EV: 11    Int: 10      God:    Xom [..*...]
Gold:   334        SH:  0    Dex:  8 (9)  Spells: 1 memorised, 6 levels left

rFire  x . .     SeeInvis .     y - +4 quarterstaff (chaos)
rCold  + . .     Clarity  .     b - +2 robe
rNeg   . . .     SustAt   .     (shield currently unavailable)
rPois  +         Gourm    +     (helmet restricted)
rElec  .         Spirit   .     (no cloak)
rCorr  .         Warding  .     (gloves unavailable)
rMut   .         Stasis   .     (boots unavailable)
MR     .....                    (no amulet)
Stlth  +.........               u - ring of poison resistance
                                g - ring of ice

@: drained, not resistant to hostile enchantments, very unstealthy
A: unfitting armour, claws 3, horns 1, fast metabolism 3, gourmand, mutation
resistance 1, regeneration 2, shaggy fur 1, tough skin 2
a: Renounce Religion


You were on level 6 of the Dungeon.
You worshipped Xom.
You were a toy of Xom.
You were not hungry.

You visited 1 branch of the dungeon, and saw 6 of its levels.

You collected 334 gold pieces.

Inventory:

Hand Weapons
 a - a +0 mace of chaos
 j - a +1 falchion of protection
 p - a +5 vampiric rapier
 y - a +4 quarterstaff of chaos (weapon)
Armour
 b - a +2 robe (worn)
Jewellery
 g - a ring of ice (left claw)
 u - a ring of poison resistance (right claw)
Wands
 f - a wand of draining (9)
 k - a wand of digging (16)
 n - a wand of slowing (25)
 s - a wand of random effects (13)
Scrolls
 d - a scroll of identify
 e - 3 scrolls of remove curse
 i - 2 scrolls of teleportation
 q - a scroll of fog {unknown}
Potions
 o - a potion of agility
Books
 h - a Fen Folio

   Spells                             Type                      Level
   a - Corpse Rot                     Necromancy                   2
   b - Stone Arrow                    Conjuration/Earth            3
   c - Leda's Liquefaction            Hexes/Earth                  4
   d - Summon Forest                  Summoning/Translocation      5
   e - Hydra Form                     Transmutation                6
   f - Summon Hydra                   Summoning                    7
 t - a book of Fire

   Spells                             Type                      Level
   a - Ignite Poison                  Fire/Transmutation/Poison    3
   b - Fireball                       Conjuration/Fire             5
   c - Bolt of Fire                   Conjuration/Fire             6
   d - Delayed Fireball               Conjuration/Fire             7
   e - Ring of Flames                 Charms/Fire                  7
Comestibles
 c - 2 bread rations
 m - a slice of pizza
 r - a beef jerky
 v - a meat ration


   Skills:
 + Level 4.3(4.1) Fighting
 + Level 1.7(1.5) Short Blades
 + Level 4.2(4.0) Maces & Flails
 + Level 6.2(6.0) Dodging
 + Level 1.2(1.0) Stealth
 + Level 0.9(0.7) Spellcasting
 + Level 0.7(0.5) Necromancy


You had 6 spell levels left.
You knew the following spells:

 Your Spells              Type           Power        Failure   Level  Hunger
a - Corpse Rot            Necr           N/A          47%         2    ###....


Dungeon Overview and Level Annotations

Branches:
Dungeon (6/15)             Temple (0/1) D:5

Altars:
Makhleb

Annotations:
D:6 Pikel


Innate Abilities, Weirdness & Mutations

You are too large for most types of armour.
You have claws for hands.
Your metabolism is lightning-fast.
You like to eat raw meat.
You heal very quickly.
You are covered in fur (AC +1).
You have very tough skin (AC +2).
You have a pair of small horns on your head.
You are somewhat resistant to further mutation.


Message History

* * * LOW HITPOINT WARNING * * *
The slave closely misses you.
You sock Pikel!
Pikel is poisoned.
You headbutt Pikel.
Pikel is heavily wounded.
The shadow imp barely misses you. The slave hits you.
* * * LOW HITPOINT WARNING * * *
Pikel closely misses you. The slave barely misses you.
The slave hits you but does no damage. The shadow imp gestures at you.
You struggle to resist.
You sock Pikel! You headbutt Pikel.
Pikel is almost dead.
Pikel says, "I'm sure they'll be treated well, anyway."
Pikel hits you with a whip of electrocution.
* * * LOW HITPOINT WARNING * * *
The slave hits you but does no damage. The shadow imp hits you.
* * * LOW HITPOINT WARNING * * *
The slave hits you.
You die...
Xom guffaws!

#######....#...# #
#.......[..#...#
#.#...######.#####
###.#...######.#######
+...'.................
###.#...######.#######
#..O#.# #.# ##.#p#.##
#.#
#.pK@...#####.#######
.'...p5p................
.###..##....####.# ....
...##....# #....
...##....##### ..###
.#.##....#...### .#
.#.#####.'...'.. .#.#
###...### +...###


You could see Pikel, an ogre, 4 slaves and a shadow imp.

Vanquished Creatures
  Eustachio (D:5)
  Duvessa (D:4)
  A phantom (D:5)
  An ice beast (D:5)
  The ghost of MirrMurr the Sneak, an amateur SpEn (D:3)
  Dowan (D:4)
  4 scorpions
  3 wights (D:6)
  A crimson imp (D:6)
  2 hounds
  A giant frog skeleton (D:4)
  Crazy Yiuf (D:6)
  2 orc wizards (D:3)
  A worker ant (D:5)
  Natasha (thrice) (D:2)
  An orc priest (D:3)
  A hound skeleton (D:5)
  5 adders
  2 adder skeletons (D:5)
  4 giant geckos
  13 orcs
  5 bats
  A hobgoblin (D:3)
  2 quokkas
  3 giant cockroaches
  A giant cockroach zombie (D:5)
  3 giant newts (D:2)
  5 goblins
  3 jackals (D:4)
  4 kobolds
  3 rats
80 creatures vanquished.

Notes
Turn   | Place    | Note
--------------------------------------------------------------
     0 | D:1      | GFox the Troll Chaos Knight began the quest for the Orb.
     0 | D:1      | Reached XP level 1. HP: 22/22 MP: 0/0
    82 | D:1      | XOM: harmless Conj miscast
   119 | D:1      | You fall through a shaft!
   119 | D:2      | Noticed Natasha
   122 | D:2      | Killed Natasha
   122 | D:2      | Reached skill level 3 in Maces & Flails
   122 | D:2      | Reached XP level 2. HP: 29/29 MP: 1/1
   122 | D:2      | Reached XP level 3. HP: 36/36 MP: 2/2
   168 | D:2      | XOM: divination: magic mapping
   203 | D:2      | Noticed Natasha
   206 | D:2      | Killed Natasha
   301 | D:2      | Learned a level 2 spell: Corpse Rot
   441 | D:2      | Noticed Natasha
   449 | D:2      | Killed Natasha
   452 | D:2      | Reached XP level 4. HP: 13/45 MP: 3/3
   480 | D:2      | Gained mutation: You are frail (-10% HP). [potion of mutation]
   480 | D:2      | Lost mutation: You are frail (-10% HP). [potion of mutation]
   480 | D:2      | Gained mutation: You have a pair of small horns on your head. [potion of mutation]
   650 | D:3      | XOM: silly message
   659 | D:3      | XOM: divination: detect creatures
   672 | D:3      | XOM: divination: magic mapping
   681 | D:3      | Reached XP level 5. HP: 18/53 MP: 4/4
   980 | D:3      | XOM: harmless Erth miscast
   983 | D:3      | XOM: harmless Air miscast
  1178 | D:3      | Noticed MirrMurr's ghost (amateur SpEn)
  1212 | D:3      | XOM: potion effect (berserk rage)
  1213 | D:3      | Killed MirrMurr's ghost
  1213 | D:3      | Reached skill level 4 in Dodging
  1504 | D:4      | XOM: silly message
  1513 | D:4      | Reached XP level 6. HP: 61/61 MP: 5/5
  1633 | D:4      | Noticed Dowan
  1634 | D:4      | Noticed Duvessa
  1651 | D:4      | Killed Duvessa
  1671 | D:4      | Killed Dowan
  1948 | D:4      | Reached XP level 7. HP: 59/67 MP: 7/7
  1962 | D:4      | XOM: harmless Divn miscast
  2162 | D:4      | Found a burning altar of Makhleb.
  2162 | D:4      | Noticed a cacodemon
  2196 | D:5      | Entered Level 5 of the Dungeon
  2234 | D:5      | Noticed Eustachio
  2253 | D:5      | Killed Eustachio
  2253 | D:5      | Reached skill level 5 in Dodging
  2336 | D:5      | XOM: potion effect (invisibility)
  2344 | D:5      | XOM: enchant monster (good)
  2345 | D:5      | XOM: cast spell 'Cause Fear'
  2351 | D:5      | XOM: summons friendly ufetubus
  2361 | D:5      | Reached skill level 1 in Short Blades
  2365 | D:5      | Reached skill level 1 in Stealth
  2419 | D:5      | XOM: medium Chrm miscast
  2464 | D:5      | Reached XP level 8. HP: 78/78 MP: 8/8
  2608 | D:5      | XOM: summons 4 hostile demons
  2655 | D:5      | Gained mutation: You are somewhat resistant to further mutation. [potion of mutation]
  2720 | D:5      | XOM: colour smoke trail
  2869 | D:5      | Found a staircase to the Ecumenical Temple.
  2924 | D:5      | XOM: harmless Trmt miscast
  2933 | D:5      | XOM: stat loss: -1 Dex (7/9)
  3159 | D:6      | XOM: confusion
  3160 | D:6      | XOM: silly message
  3246 | D:6      | Noticed Crazy Yiuf
  3254 | D:6      | Killed Crazy Yiuf
  3254 | D:6      | Reached skill level 6 in Dodging
  3507 | D:6      | XOM: mild Trmt miscast
  3541 | D:6      | XOM: chaos upgrade
  3544 | D:6      | XOM: potion effect (might)
  3636 | D:6      | XOM: scenery: 1 doors close
  3734 | D:6      | Noticed Pikel
  3745 | D:6      | XOM: potion effect (curing)
  3751 | D:6      | HP: 3/79 [Pikel/whip of electrocution (4)]
  3751 | D:6      | Slain by a slave

Action                   |  1- 3 |  4- 6 |  7- 9 || total
-------------------------+-------+-------+-------++-------
Melee: Mace              |    55 |   119 |       ||   174
       Rapier            |       |    20 |   127 ||   147
       Quarterstaff      |       |       |    18 ||    18
       Unarmed           |       |       |     5 ||     5
 Cast: Corpse Rot        |     1 |     2 |       ||     3
  Use: Scroll            |     1 |     4 |     8 ||    13
       Potion            |       |     4 |     8 ||    12
 Stab: Petrified         |       |     2 |       ||     2
       Invisible         |       |       |     3 ||     3
  Eat: Chunk             |     1 |    26 |     6 ||    33
       Bread ration      |       |       |     2 ||     2
